[Event "Early-Titled-Tuesday-Blitz-March-19-2024"]
[Site "Chess.com"]
[Date "2024.03.19"]
[Round "10"]
[White "TitarovVasiliYouTube"]
[Black "Jahonas"]
[Result "1/2-1/2"]
[WhiteElo "2542"]
[BlackElo "2355"]
[TimeControl "180+1"]
[EndTime "9:58:47 PDT"]
[Termination "Game drawn by repetition"]

1. e4 c6 2. d4 d5 3. exd5 cxd5 4.
Bd3 Nf6 5. c3 Nc6 6. Nf3 Bg4 7.
Be3 e6 8. Nbd2 Bd6 9. O-O a6 10.
Qc2 O-O 11. Bg5 h6 12. Bh4 Bxf3 13. Nxf3 Rc8 14. Qe2 Be7 15. a4 Nd7 16. Bg3 Na5 17.
Bf4 Re8 18. Rae1 Bf8 19. Bc2 Nc4 20. Bb1 Ndb6 21. Qc2 g6 22. Ne5 Nxe5 23. Bxe5 Nc4 24. Bg3 b5 25. axb5 axb5 26. h4 h5 27. Qe2 Bg7 28. Bd3 b4 29. Ra1 bxc3 30. bxc3 Qd7 31. Ra6 e5 32. Bxc4 Rxc4 33. dxe5 Rxc3 34. Qd2 Rc6 35. Rxc6 Qxc6 36. Qd4 Qc4 37. Qe3 d4 38. Qe4 Rd8 39. Rd1 Qd5 40. Qxd5 Rxd5 41. Kf1 d3 42. f3 Bf8 43. Bf4 Bc5 44. Ke1 Kf8 45.
Kd2 Bb4+ 46. Ke3 d2 47. Ke2 Ke7 48. Bxd2 Rxe5+ 49. Kf2 Bxd2 50. Rxd2 Kf6 51. Kg3 Re6 52. Rd7 Rb6 53. Rc7 Kf5 54. Rd7 Rb5 55. Re7 f6 56.
Ra7 Rc5 57. Ra6 Rb5 58. Rc6 g5 59. hxg5 fxg5 60. Rh6 h4+ 61. Kh3 Rb1 62. Kh2 Rb2 63. Rh8 Rb3 64. Rf8+ Kg6 65. Kh3 Rb4 66. Rg8+ Kh6 67.
Rh8+ Kg6 68. Ra8 Kf5 69. Ra5+ Kg6 70. Rc5 Ra4 71. Re5 Kh5 72. Rf5 Ra1 73. Kh2 Ra4 74. Rf6 Rd4 75. Rc6 Rb4 76. Rd6 Rc4 77. Kh3 Rc1 78.
Kh2 Rc4 79. Rd5 Rb4 80. Rc5 Ra4 81. Rc8 Kg6 82. Kh3 Ra1 83. Rh8 Ra4 84. Rb8 Kh5 85. Rg8 Ra5 86. Rh8+ Kg6 87. Kg4 Ra4+ 88. Kh3 Rb4 89.
Rg8+ Kh5 90. Ra8 Kg6 91. Ra6+ Kh5 92. Ra5 Rc4 93. g4+ hxg3 94. Kxg3 Rc3 95. Ra8 Rb3 96. Rh8+ Kg6 97. Rc8 Rb4 98. Rc6+ Kf5 99. Rc5+ Kg6 100. Ra5 Kh5 101. Ra8 Rf4 102. Rh8+ Kg6 103. Rg8+ Kf5 104. Rf8+ Ke5 105. Rxf4 gxf4+ 106. Kg4 Ke6 107. Kg5 Ke5 108. Kh5 Kf5 109. Kh4 Ke5 110. Kg5 Ke6 111. Kg4 Ke5 112. Kg5 Ke6 113. Kh6 Ke5 114. Kh5 Ke6 115. Kh4 Kf5 116.
Kh5 Kf6 117. Kh6 Kf5 118. Kh5 Ke5 119. Kg4 Ke6 120. Kg5 Ke5 121. Kg6 Ke6 122. Kh6 Kf5 123. Kh5 1/2-1/2

[Event "Early-Titled-Tuesday-Blitz-March-19-2024"]
[Site "Chess.com"]
[Date "2024.03.19"]
[Round "11"]
[White "Louis-Paulsen-Fan"]
[Black "dianamirza"]
[Result "1-0"]
[WhiteElo "2261"]
[BlackElo "1989"]
[TimeControl "180+1"]
[EndTime "10:00:35 PDT"]
[Termination "Louis-Paulsen-Fan won by resignation"]

1. d4 c5 2. d5 b5 3. c4 bxc4 4. Nc3 g6 5. e4 Bg7 6. Bxc4 d6 7. Nf3 Nf6 8. O-O O-O 9. e5 dxe5 10. Nxe5 Nxd5 11.
Bxd5 Bxe5 12. Bxa8 Qb6 13. Bf3 1-0

[Event "Early-Titled-Tuesday-Blitz-March-19-2024"]
[Site "Chess.com"]
[Date "2024.03.19"]
[Round "11"]
[White "mary-sanna"]
[Black "ArchibaldCerveza29"]
[Result "1-0"]
[WhiteElo "2224"]
[BlackElo "2368"]
[TimeControl "180+1"]
[EndTime "10:00:41 PDT"]
[Termination "mary-sanna won by checkmate"]

1. d4 Nf6 2. c4 g6 3. Nc3 Bg7 4. e4 d6 5. h3 O-O 6. Nf3 e5 7. d5 Na6 8. a3 Nc5 9. Qc2 a5 10.
Be2 a4 11. O-O Nfd7 12. Bg5 f6 13. Be3 f5 14. exf5 gxf5 15. Ng5 f4 16. Qxh7# 1-0

[Event "Early-Titled-Tuesday-Blitz-March-19-2024"]
[Site "Chess.com"]
[Date "2024.03.19"]
[Round "11"]
[White "ATM622"]
[Black "margarita_2703"]
[Result "1-0"]
[WhiteElo "2497"]
[BlackElo "2325"]
[TimeControl "180+1"]
[EndTime "10:01:34 PDT"]
[Termination "ATM622 won by resignation"]

1. d4 d5 2. c4 c6 3. Nf3 e6 4. Nbd2 Nf6 5. Qc2 Nbd7 6. g3 b6 7. Bg2 Bb7 8. O-O Bd6 9. Rd1 O-O 10. e4 dxe4 11. Nxe4 Nxe4 12. Qxe4 h6 13. b3 Rc8 14. Bb2 Ba8 15. Rac1 Qe7 16. c5 bxc5 17. dxc5 Bxc5 18. Rxd7 Qxd7 19. Rxc5 Qd1+ 20. Bf1 Rfd8 21. Qe5 f6 22. Qxe6+ Kh8 23. Bxf6 Qxf3 24. Bxd8 Rxd8 25. Rf5 Qd1 26. Qe2 c5 27. Rf8+ Kh7 28. Qxd1 1-0

[Event "Early-Titled-Tuesday-Blitz-March-19-2024"]
[Site "Chess.com"]
[Date "2024.03.19"]
[Round "11"]
[White "aistrel"]
[Black "HajiyevKanan"]
[Result "1-0"]
[WhiteElo "2655"]
[BlackElo "2536"]
[TimeControl "180+1"]
[EndTime "10:01:43 PDT"]
[Termination "aistrel won by resignation"]

1. d4 d5 2. Bf4 c5 3. e3 cxd4 4.
exd4 Nc6 5. Nc3 Nf6 6. Nb5 e5 7. Bxe5 Nxe5 8. dxe5 a6 9. exf6 axb5 10. Bxb5+ Bd7 11.
Qe2+ Be7 12. Bxd7+ Qxd7 13. Qxe7+ Qxe7+ 14. fxe7 Kxe7 15.
Nf3 Rhc8 16. Kd2 b5 17. a3 Kd6 18. c3 Kc5 19. Nd4 g6 20. Rae1 Re8 21. Rxe8 Rxe8 22.
Re1 Rxe1 23. Kxe1 f5 24. Kd2 h5 25. Kd3 h4 26. b4+ Kb6 27. h3 Ka6 28. Ke3 1-0

[Event "Early-Titled-Tuesday-Blitz-March-19-2024"]
[Site "Chess.com"]
[Date "2024.03.19"]
[Round "11"]
[White "santosalberto1987"]
[Black "kingofthenil"]
[Result "0-1"]
[WhiteElo "2565"]
[BlackElo "2763"]
[TimeControl "180+1"]
[EndTime "10:01:48 PDT"]
[Termination "kingofthenil won by resignation"]

1. e4 Nc6 2. Nf3 d5 3. exd5 Qxd5 4. d4 Bg4 5. Be2 O-O-O 6. Be3 e5 7. c4 Qa5+ 8. Bd2 Bb4 9. d5 Bxf3 10. Bxf3 Nd4 11. Nc3 Qa6 12. Be2 Nf6 13. O-O Kb8 14. a3 Bxc3 15. Bxc3 Nxd5 16. Bxd4 Nf4 17. Bxa7+ Kxa7 18. Qc2 Qg6 19. Qa4+ Kb8 20. Bf3 e4 0-1

[Event "Early-Titled-Tuesday-Blitz-March-19-2024"]
[Site "Chess.com"]
[Date "2024.03.19"]
[Round "11"]
[White "Slovineanu"]
[Black "LeoWin2012"]
[Result "1-0"]
[WhiteElo "2503"]
[BlackElo "2244"]
[TimeControl "180+1"]
[EndTime "10:02:26 PDT"]
[Termination "Slovineanu won by resignation"]

1. d4 Nf6 2. Nf3 d6 3. Nc3 g6 4. e4 Bg7 5. Be3 O-O 6. Qd2 Nbd7 7. Bh6 e5 8. h4 exd4 9. Nxd4 Nc5 10. f3 Ne6 11.
Nxe6 Bxe6 12. h5 Nxh5 13. Bxg7 Kxg7 14. g4 Nf6 15. O-O-O Qe7 16. Bd3 c6 17. Qh6+ Kg8 18. e5 dxe5 19. g5 Nh5 20. Rxh5 1-0

[Event "Early-Titled-Tuesday-Blitz-March-19-2024"]
[Site "Chess.com"]
[Date "2024.03.19"]
[Round "11"]
[White "Cheer_Down"]
[Black "Dacean99"]
[Result "0-1"]
[WhiteElo "2458"]
[BlackElo "2634"]
[TimeControl "180+1"]
[EndTime "10:02:29 PDT"]
[Termination "Dacean99 won by checkmate"]

1. e4 c5 2. Nf3 d6 3. d4 cxd4 4.
Nxd4 Nf6 5. Nc3 a6 6. Rg1 h5 7.
Bg5 Qa5 8. Bd2 Bg4 9. f3 Bd7 10. Bc4 Qc5 11. Bxf7+ Kxf7 12. Be3 Qa5 13. Qe2 Nc6 14. Nb3 Qc7 15. O-O-O Rc8 16. Kb1 g6 17. h3 Bg7 18. g4 h4 19. f4 Na5 20. f5 Nxb3 21. axb3 Bb5 22. Qf2 Ke8 23. fxg6 Rf8 24. Qxh4 Nxe4 25. Nxe4 Qxc2+ 26. Ka2 Qxb2# 0-1

[Event "Early-Titled-Tuesday-Blitz-March-19-2024"]
[Site "Chess.com"]
[Date "2024.03.19"]
[Round "11"]
[White "only_strong_moves"]
[Black "ikhasu"]
[Result "1-0"]
[WhiteElo "2644"]
[BlackElo "2507"]
[TimeControl "180+1"]
[EndTime "10:02:31 PDT"]
[Termination "only_strong_moves won by resignation"]

1. Nc3 Nf6 2. e4 e5 3. Bc4 Nc6 4. d3 Na5 5. Nge2 Nxc4 6. dxc4 Be7 7. O-O O-O 8. Ng3 d6 9. h3 Be6 10. b3 Kh8 11. Qf3 c6 12. a4 d5 13. cxd5 cxd5 14. exd5 Nxd5 15. Rd1 Nxc3 16. Rxd8 Raxd8 17. Qxc3 Rd1+ 18. Kh2 Rc8 19. Qf3 Rxc2 20. Qxd1 Rxf2 21. Ba3 Bg5 22. Ne4 Bf4+ 23. Kh1 1-0

[Event "Early-Titled-Tuesday-Blitz-March-19-2024"]
[Site "Chess.com"]
[Date "2024.03.19"]
[Round "11"]
[White "akanga001"]
[Black "BashiqChess"]
[Result "0-1"]
[WhiteElo "2070"]
[BlackElo "2441"]
[TimeControl "180+1"]
[EndTime "10:02:52 PDT"]
[Termination "BashiqChess won on time"]

1. d4 d5 2. c4 e6 3. Nc3 a6 4.
cxd5 exd5 5. Bf4 Nf6 6. e3 Bd6 7. Bg3 O-O 8. Bd3 Bg4 9. Nge2 Bh5 10. Qc2 Bg6 11. Bxd6 Qxd6 12. Nf4 Nc6 13. Bxg6 hxg6 14.
Nd3 Rfe8 0-1

[Event "Early-Titled-Tuesday-Blitz-March-19-2024"]
[Site "Chess.com"]
[Date "2024.03.19"]
[Round "11"]
[White "Legendinunknown"]
[Black "Dyadya81"]
[Result "0-1"]
[WhiteElo "2839"]
[BlackElo "2950"]
[TimeControl "180+1"]
[EndTime "10:02:58 PDT"]
[Termination "Dyadya81 won by resignation"]

1. e4 c6 2. d4 d5 3. f3 dxe4 4. fxe4 e5 5. Nf3 Bg4 6. c3 Nd7 7. Bc4 Bd6 8. O-O Ngf6 9. Bg5 O-O 10. Nbd2 Bh5 11. Qc2 Qc7 12. Rae1 Rae8 13. Kh1 a5 14. Nh4 exd4 15. Bxf6 Nxf6 16. Rxf6 gxf6 17. cxd4 Bxh2 18. Nf5 Bf4 19. Rf1 Bg6 20. g3 Bxd2 21. Qxd2 Rxe4 22. Bd3 Bxf5 23. Rxf5 Rg4 24. Qh6 Rg6 25.
Qh2 Qxg3 0-1

[Event "Early-Titled-Tuesday-Blitz-March-19-2024"]
[Site "Chess.com"]
[Date "2024.03.19"]
[Round "11"]
[White "Szparu"]
[Black "FMVolodymyrSakun"]
[Result "1-0"]
[WhiteElo "2795"]
[BlackElo "2639"]
[TimeControl "180+1"]
[EndTime "10:03:00 PDT"]
[Termination "Szparu won by resignation"]

1. d4 d5 2. c4 e6 3. Nf3 Nf6 4. g3 Bb4+ 5. Nc3 dxc4 6. Bg2 O-O 7. O-O Nc6 8. Qa4 Bd7 9. Rd1 a5 10. Qc2 h6 11. e4 Rb8 12. e5 Nd5 13. Ne4 b5 14. g4 f5 15. exf6 Nxf6 16. g5 Nd5 17. gxh6 Qe7 18. Bg5 Qf7 19. hxg7 Qxg7 20. Kh1 Rxf3 21. Bxf3 Nxd4 22. Rxd4 Qxd4 23. Nf6+ 1-0

[Event "Early-Titled-Tuesday-Blitz-March-19-2024"]
[Site "Chess.com"]
[Date "2024.03.19"]
[Round "11"]
[White "Likvidator228"]
[Black "cthulhuuu"]
[Result "0-1"]
[WhiteElo "2570"]
[BlackElo "2417"]
[TimeControl "180+1"]
[EndTime "10:03:01 PDT"]
[Termination "cthulhuuu won by resignation"]

1. d4 Nf6 2. c4 e5 3. dxe5 Ng4 4. Nf3 Bc5 5. e3 Nc6 6. a3 a5 7. Nc3 O-O 8. Be2 Re8 9. h3 Ngxe5 10. O-O Nxf3+ 11.
Bxf3 Ne5 12. Be2 Ra6 13. Rb1 Rg6 14. b4 Ba7 15. c5 d6 16. Nb5 Bxh3 17. g3 Qh4 18.
Bf3 Rxg3+ 19. fxg3 Qxg3+ 20. Kh1 Bxf1 21. Qxf1 Nxf3 22. Qg2 Qh4+ 0-1

[Event "Early-Titled-Tuesday-Blitz-March-19-2024"]
[Site "Chess.com"]
[Date "2024.03.19"]
[Round "11"]
[White "Casper"]
[Black "DraningWaterHi"]
[Result "0-1"]
[WhiteElo "2488"]
[BlackElo "2289"]
[TimeControl "180+1"]
[EndTime "10:03:01 PDT"]
[Termination "DraningWaterHi won by resignation"]

1. e4 c5 2. Nc3 Nc6 3. Bc4 e6 4. d3 Nf6 5. Bg5 Be7 6. Nf3 O-O 7. e5 Ne8 8. Ne4 d5 9. exd6 Nxd6 10. Nxd6 Qxd6 11.
O-O Bxg5 12. Nxg5 h6 13. Ne4 Qe7 14. Qh5 b6 15. Rae1 Bb7 16. f4 Nd4 17. c3 Nf5 18. Rf3 Nd6 19. Bb3 c4 20. Bc2 cxd3 21. Bxd3 f5 22.
Nxd6 Bxf3 23. Nxf5 exf5 24. Bc4+ Kh8 25. Qh4 Qxh4 0-1

[Event "Early-Titled-Tuesday-Blitz-March-19-2024"]
[Site "Chess.com"]
[Date "2024.03.19"]
[Round "11"]
[White "Let_it_be_1"]
[Black "viktorgen2021"]
[Result "1-0"]
[WhiteElo "2615"]
[BlackElo "2490"]
[TimeControl "180+1"]
[EndTime "10:03:05 PDT"]
[Termination "Let_it_be_1 won by checkmate"]

1. e4 g6 2. d4 Bg7 3. Nc3 d6 4. f4 Nf6 5. Nf3 O-O 6. Be3 Na6 7. e5 Ne8 8. Bc4 c5 9. dxc5 Qa5 10. O-O Bg4 11. h3 Bxf3 12. Qxf3 Nxc5 13. Nd5 e6 14. b4 Qd8 15. bxc5 exd5 16. Bxd5 dxe5 17. Bxb7 Rb8 18.
Rad1 Qa5 19. fxe5 Nc7 20. Rd7 Ne6 21. Rxf7 Nxc5 22. Bd5 Kh8 23. Rxf8+ Rxf8 24. Qxf8+ Bxf8 25. Rxf8+ Kg7 26. Rg8# 1-0

[Event "Early-Titled-Tuesday-Blitz-March-19-2024"]
[Site "Chess.com"]
[Date "2024.03.19"]
[Round "11"]
[White "pfalcon1949"]
[Black "martinmena"]
[Result "0-1"]
[WhiteElo "2002"]
[BlackElo "2267"]
[TimeControl "180+1"]
[EndTime "10:03:26 PDT"]
[Termination "martinmena won by resignation"]

1. e4 c6 2. d4 d5 3. e5 Bf5 4. h4 h5 5. Bg5 Qb6 6. Bd3 Qxd4 7.
Nf3 Qg4 8. O-O Bxd3 9. Qxd3 e6 10. Nbd2 Be7 11. c4 Bxg5 12. hxg5 Ne7 13. cxd5 Nxd5 14. Ne4 Nf4 0-1

[Event "Early-Titled-Tuesday-Blitz-March-19-2024"]
[Site "Chess.com"]
[Date "2024.03.19"]
[Round "11"]
[White "The_Straightforward_Rook"]
[Black "Kotlyar_K"]
[Result "1-0"]
[WhiteElo "2435"]
[BlackElo "2594"]
[TimeControl "180+1"]
[EndTime "10:03:30 PDT"]
[Termination "The_Straightforward_Rook won by checkmate"]

1. Nf3 Nf6 2. g3 g6 3. Bg2 Bg7 4. O-O O-O 5. c4 c6 6. b3 d5 7. Bb2 Bf5 8. d3 Re8 9. Nbd2 Qc7 10. Rc1 e5 11. cxd5 Nxd5 12. e4 Nb4 13. exf5 Nxd3 14.
fxg6 Nxb2 15. gxh7+ Kh8 16. Qc2 e4 17. Nxe4 Na6 18.
Neg5 Nb4 19. Qf5 Re7 20. Nh4 Bd4 21. Rc4 c5 22. Rxd4 cxd4 23. Qf6# 1-0

[Event "Early-Titled-Tuesday-Blitz-March-19-2024"]
[Site "Chess.com"]
[Date "2024.03.19"]
[Round "11"]
[White "DarZay"]
[Black "ZachHKL"]
[Result "1-0"]
[WhiteElo "2343"]
[BlackElo "2177"]
[TimeControl "180+1"]
[EndTime "10:03:45 PDT"]
[Termination "DarZay won by resignation"]

1. e4 c5 2. Nf3 Nc6 3. d4 cxd4 4.
Nxd4 Nf6 5. Nc3 e5 6. Ndb5 d6 7. Bg5 a6 8. Na3 b5 9. Nd5 Be7 10. Bxf6 Bxf6 11. c3 O-O 12. Nc2 Rb8 13. Be2 Bg5 14.
Nce3 Ne7 15. O-O Be6 16. Kh1 Bxe3 17. Nxe3 d5 18. exd5 Nxd5 19. Nxd5 Qxd5 20. Qxd5 Bxd5 21. Rfd1 Rfd8 22. b3 Be6 23. Rxd8+ Rxd8 24. Rd1 Rc8 25. Rd3 h6 26. h4 Kf8 27. Rd6 Rxc3 28. Rxa6 Rc2 29.
Bxb5 Rxf2 30. Bc6 Rf4 31. g3 Rf2 32. Kg1 Rb2 33. Ra7 g5 34. hxg5 hxg5 35. Kf1 Bh3+ 36. Ke1 f5 37. Bd5 f4 38. gxf4 gxf4 39. a4 Rb1+ 40.
Kd2 Rb2+ 41. Kc3 Re2 42. a5 Bg2 43. Bc4 Ra2 44. b4 f3 45. Bxa2 e4 46. Rf7+ 1-0

[Event "Early-Titled-Tuesday-Blitz-March-19-2024"]
[Site "Chess.com"]
[Date "2024.03.19"]
[Round "11"]
[White "jk13"]
[Black "Grischuk"]
[Result "1/2-1/2"]
[WhiteElo "2695"]
[BlackElo "3056"]
[TimeControl "180+1"]
[EndTime "10:03:46 PDT"]
[Termination "Game drawn by repetition"]

1. e4 c5 2. c3 e5 3. Nf3 Nc6 4. Bc4 Nf6 5. d3 Be7 6. O-O O-O 7. a4 d6 8. Re1 a6 9. Nbd2 Rb8 10.
Nf1 b5 11. axb5 axb5 12. Ba2 b4 13. Bg5 Ne8 14. Bd2 Nc7 15. Ne3 Kh8 16. Bc4 Be6 17. Nd5 Qd7 18. Qa4 Ra8 19. Qc2 Rab8 20. Qa4 Ra8 21.
Qc2 Rab8 22. Qa4 1/2-1/2

[Event "Early-Titled-Tuesday-Blitz-March-19-2024"]
[Site "Chess.com"]
[Date "2024.03.19"]
[Round "11"]
[White "Aswathchess"]
[Black "Joachim100x"]
[Result "1-0"]
[WhiteElo "2625"]
[BlackElo "2500"]
[TimeControl "180+1"]
[EndTime "10:03:52 PDT"]
[Termination "Aswathchess won by resignation"]

1. d4 d5 2. c4 e6 3. Nf3 Nf6 4. g3 Bb4+ 5. Bd2 Be7 6. Bg2 Kf8 7. O-O c6 8. Bc3 g6 9. Nbd2 Kg8 10.
Qc2 Nbd7 11. Rfd1 Kg7 12. e4 dxe4 13. Nxe4 Nxe4 14. Qxe4 Bf6 15. Ne5 Qc7 16. Ng4 Re8 17. Nxf6 Nxf6 18. Qh4 h6 19. d5 e5 20. f4 Qb6+ 21.
Kh1 Ng4 22. Rf1 Nf2+ 23. Rxf2 Qxf2 24. Rf1 Qe3 25. fxe5 g5 26. e6+ Qxc3 27. Rxf7+ Kg8 28. Qxh6 Qe1+ 29. Rf1 Qxf1+ 30. Bxf1 1-0

[Event "Early-Titled-Tuesday-Blitz-March-19-2024"]
[Site "Chess.com"]
[Date "2024.03.19"]
[Round "11"]
[White "Goryachkina"]
[Black "Stanbad1"]
[Result "1-0"]
[WhiteElo "2647"]
[BlackElo "2532"]
[TimeControl "180+1"]
[EndTime "10:03:53 PDT"]
[Termination "Goryachkina won by resignation"]

1. e4 e6 2. d4 d5 3. Nc3 Nf6 4. Bg5 Bb4 5. e5 h6 6. Bc1 Ne4 7. Ne2 c5 8. a3 cxd4 9. axb4 dxc3 10. Nxc3 Qh4 11. Qf3 Ng5 12. Qg3 Qxb4 13. Bd3 Nc6 14. O-O d4 15. Nb5 Qe7 16. h4 f6 17. exf6 gxf6 18.
hxg5 hxg5 19. Nc7+ Kf7 20. Nxa8 e5 21. f3 Be6 22. Bd2 Rxa8 23. Kf2 Qc5 24. Rh1 Ke7 25. Rh7+ Kd6 26. Rxb7 a5 27. b4 Qd5 28. bxa5 f5 29. Rb5 1-0

[Event "Early-Titled-Tuesday-Blitz-March-19-2024"]
[Site "Chess.com"]
[Date "2024.03.19"]
[Round "11"]
[White "AndresDelgado77"]
[Black "andrzej"]
[Result "0-1"]
[WhiteElo "2342"]
[BlackElo "2515"]
[TimeControl "180+1"]
[EndTime "10:03:56 PDT"]
[Termination "andrzej won by resignation"]

1. e4 c5 2. Nf3 d6 3. d4 cxd4 4. Qxd4 Nf6 5. e5 Nc6 6. Bb5 Qa5+ 7. Nc3 Qxb5 8. Nxb5 Nxd4 9. Nfxd4 dxe5 10. Nf3 Nd5 11. c4 a6 12. cxd5 axb5 13. Nxe5 e6 14. dxe6 Bxe6 15.
a3 Bd6 16. Nd3 Bc4 17. Bf4 O-O-O 18. Bxd6 Rxd6 19. O-O-O Bxd3 20. Rhe1 Rhd8 21. Re7 Rc6+ 0-1

[Event "Early-Titled-Tuesday-Blitz-March-19-2024"]
[Site "Chess.com"]
[Date "2024.03.19"]
[Round "11"]
[White "stollenmonster"]
[Black "Saxar85"]
[Result "1-0"]
[WhiteElo "2901"]
[BlackElo "2731"]
[TimeControl "180+1"]
[EndTime "10:04:10 PDT"]
[Termination "stollenmonster won on time"]

1. e4 e5 2. Nc3 Nc6 3. g3 Bc5 4.
Bg2 Nf6 5. Nge2 a6 6. d3 d6 7.
h3 Nd4 8. O-O Be6 9. Nxd4 Bxd4 10. Kh2 h5 11. Be3 Bxe3 12. fxe3 Qd7 13. d4 h4 14. g4 Bxg4 15. hxg4 Nxg4+ 16. Kh1 h3 17. Bf3 Nxe3 18. Qe2 Nxf1 19. Rxf1 Rh4 20. Nd5 O-O-O 21.
dxe5 dxe5 22. Qf2 g5 23. Qa7 Qd6 24. Rd1 g4 25. Ne7+ Kd7 26. Rxd6+ cxd6 27. Nf5 1-0

[Event "Early-Titled-Tuesday-Blitz-March-19-2024"]
[Site "Chess.com"]
[Date "2024.03.19"]
[Round "11"]
[White "Nitzan_Steinberg"]
[Black "ChessSwole"]
[Result "1-0"]
[WhiteElo "2884"]
[BlackElo "2705"]
[TimeControl "180+1"]
[EndTime "10:04:10 PDT"]
[Termination "Nitzan_Steinberg won by resignation"]

1. d4 Nf6 2. Nf3 g6 3. Nbd2 Bg7 4. e4 O-O 5. e5 Nh5 6. g4 Nf4 7. Ne4 d5 8. Ng3 Ne6 9. h4 c5 10. c3 Nc6 11. Be3 f6 12. exf6 exf6 13. dxc5 f5 14. gxf5 gxf5 15. Nh5 f4 16. Nxg7 Nxg7 17. Bd4 Re8+ 18.
Kd2 Bg4 19. Rg1 h5 20. Bd3 Ne6 21. Nh2 Ncxd4 22. Nxg4 hxg4 23. Qxg4+ Kf8 24. Qg8+ Ke7 25. Qh7+ Kf6 26. Rg6+ Ke5 27. Re1+ 1-0

[Event "Early-Titled-Tuesday-Blitz-March-19-2024"]
[Site "Chess.com"]
[Date "2024.03.19"]
[Round "11"]
[White "MagnusCarlsen"]
[Black "Zhigalko_Sergei"]
[Result "1-0"]
[WhiteElo "3255"]
[BlackElo "2879"]
[TimeControl "180+1"]
[EndTime "10:04:11 PDT"]
[Termination "MagnusCarlsen won on time"]

1. b4 e5 2. Bb2 e4 3. a3 Nf6 4.
e3 d5 5. c4 Be7 6. cxd5 Qxd5 7. Nc3 Qf5 8. f3 O-O 9. fxe4 Nxe4 10.
Nxe4 Qxe4 11. Nf3 a5 12. b5 Nd7 13. Rc1 Bd6 14. Be2 Nc5 15. O-O Bd7 16. Rc4 Qe7 17.
Qc2 Rae8 18. a4 Be6 19. Rh4 f5 20. g3 Bd5 21. Bc4 Bxc4 22. Qxc4+ Qe6 23. Rxh7 Qxc4 24. Rxg7+ Kh8 25. Rg4+ Be5 26. Rxc4 1-0

[Event "Early-Titled-Tuesday-Blitz-March-19-2024"]
[Site "Chess.com"]
[Date "2024.03.19"]
[Round "11"]
[White "Revan_2002"]
[Black "Josgar05"]
[Result "1-0"]
[WhiteElo "2584"]
[BlackElo "2385"]
[TimeControl "180+1"]
[EndTime "10:04:12 PDT"]
[Termination "Revan_2002 won by resignation"]

1. b3 d5 2. Bb2 Nf6 3. e3 c6 4.
Nf3 Bf5 5. Bd3 Bg6 6. Ne5 Bxd3 7. cxd3 Nbd7 8. d4 e6 9. O-O Bd6 10. d3 Qc7 11. f4 O-O 12. Nd2 Rfe8 13. Rc1 Nf8 14.
Ndf3 Ng6 15. Ng5 Re7 16. a3 a5 17. Rf3 Bxe5 18. fxe5 Nd7 19. a4 b6 20. Qc2 c5 21. Rcf1 Rf8 22. Qf2 cxd4 23. exd4 Nb8 24. Ba3 Nc6 25. Bxe7 Qxe7 26. Rxf7 Rxf7 27. Nxf7 Nb4 28.
Nd6 Nxd3 29. Qc2 Nb4 30. Qc8+ Nf8 31. Rf7 Qxf7 32. Nxf7 Kxf7 33. Qb7+ Kg6 34. Qxb6 Nc2 35. Qc5 Ne3 36. Qxf8 1-0

[Event "Early-Titled-Tuesday-Blitz-March-19-2024"]
[Site "Chess.com"]
[Date "2024.03.19"]
[Round "11"]
[White "ragnaroek66"]
[Black "Mikasinski"]
[Result "1-0"]
[WhiteElo "2544"]
[BlackElo "2624"]
[TimeControl "180+1"]
[EndTime "10:04:14 PDT"]
[Termination "ragnaroek66 won by resignation"]

1. d4 Nf6 2. c4 e6 3. Nf3 b6 4. g3 Bb7 5. Bg2 Bb4+ 6. Bd2 Bxd2+ 7. Qxd2 O-O 8. O-O d5 9. Qc2 Nbd7 10. Ne5 c5 11.
Nxd7 Qxd7 12. dxc5 Rac8 13. cxd5 Bxd5 14. Rd1 Rxc5 15. Nc3 Qb7 16. e4 Bc6 17. Qe2 e5 18. Rd6 b5 19. a3 a5 20. Rad1 b4 21. axb4 axb4 22. Nd5 Bxd5 23. exd5 e4 24. Rxf6 gxf6 25. Qg4+ Kh8 26. Bxe4 f5 27. Bxf5 Qa6 28. Qh5 h6 29. d6 Kg7 30. Qg4+ Kh8 31. Qd4+ Re5 32. Qxe5+ 1-0

[Event "Early-Titled-Tuesday-Blitz-March-19-2024"]
[Site "Chess.com"]
[Date "2024.03.19"]
[Round "11"]
[White "missponyo10"]
[Black "SamCopeland"]
[Result "0-1"]
[WhiteElo "2247"]
[BlackElo "2371"]
[TimeControl "180+1"]
[EndTime "10:04:21 PDT"]
[Termination "SamCopeland won by resignation"]

1. e4 c6 2. d4 d5 3. Nd2 dxe4 4. Nxe4 Nf6 5. Nxf6+ exf6 6. c3 Bd6 7. Bd3 O-O 8. Qc2 Re8+ 9. Ne2 h5 10. O-O h4 11. h3 Nd7 12. Be3 Nf8 13. Qd2 g5 14. f4 Qe7 15. Bf2 Ng6 16. Bxg6 fxg6 17. Rae1 Bf5 18. Ng3 hxg3 19. Rxe7 gxf2+ 20. Qxf2 Rxe7 21. fxg5 fxg5 22. g4 Bd3 23. Rd1 Rf8 24. Qd2 Rf3 25.
Qxg5 Rg3+ 26. Kf2 Re2+ 27. Kf1 Re5+ 28. Rxd3 Rxg5 29. Rxg3 Bxg3 30. Kg2 Bh4 31. Kf3 Kf7 0-1

[Event "Early-Titled-Tuesday-Blitz-March-19-2024"]
[Site "Chess.com"]
[Date "2024.03.19"]
[Round "11"]
[White "FREDERICKtheMATE"]
[Black "yaguigor"]
[Result "1/2-1/2"]
[WhiteElo "2684"]
[BlackElo "2560"]
[TimeControl "180+1"]
[EndTime "10:04:23 PDT"]
[Termination "Game drawn by agreement"]

1. d4 d5 2. c4 c6 3. Nc3 Nf6 4. Nf3 e6 5. e3 Nbd7 6. Be2 Bd6 7. O-O O-O 8. Qc2 b6 9. b3 Bb7 10. Bb2 Qe7 11. Rad1 Rad8 12. Rfe1 Rfe8 13. e4 Nxe4 14. Nxe4 dxe4 15. Qxe4 Bb4 16. Rf1 Bd6 17. Ne5 Nxe5 18.
dxe5 Bb4 19. Bd3 g6 20. h4 Rd7 21. Bc1 c5 22. Qg4 Rd4 23. f4 Red8 24. Bc2 h5 25.
Qg3 Rxd1 26. Rxd1 Rxd1+ 27. Bxd1 Kh7 28. Bc2 Qd8 29. Qf2 Bc3 30. Be3 a5 31. Kf1 Qd7 32.
Qe2 Kg7 33. Qd3 Qxd3+ 34. Bxd3 Kf8 35. g3 Bc6 36. a4 Bb7 37. Kf2 1/2-1/2

[Event "Early-Titled-Tuesday-Blitz-March-19-2024"]
[Site "Chess.com"]
[Date "2024.03.19"]
[Round "11"]
[White "AlexPapasimakopoulos"]
[Black "Zq1"]
[Result "1-0"]
[WhiteElo "2755"]
[BlackElo "2611"]
[TimeControl "180+1"]
[EndTime "10:04:26 PDT"]
[Termination "AlexPapasimakopoulos won by resignation"]

1. h4 d5 2. h5 h6 3. d4 c5 4. c3 Nf6 5. Bf4 e6 6. Nf3 Nc6 7. e3 Bd6 8. Bxd6 Qxd6 9. Bb5 O-O 10. Nbd2 Bd7 11. Bxc6 Bxc6 12. Ne5 Bb5 13. g4 Ne4 14. f3 Nxd2 15. Qxd2 f6 16. Ng6 Qg3+ 17. Qf2 Qxf2+ 18. Kxf2 cxd4 19. Nxf8 dxe3+ 20. Kxe3 Kxf8 21. f4 Ke7 22. g5 hxg5 23. fxg5 Rh8 24. Rag1 Be8 25. h6 gxh6 26. Rxh6 Rf8 27. Rh7+ Kd6 28. g6 Rg8 29. Rxb7 Rxg6 30.
Rxg6 Bxg6 31. Rxa7 e5 32. a4 f5 33. Ra6+ 1-0

[Event "Early-Titled-Tuesday-Blitz-March-19-2024"]
[Site "Chess.com"]
[Date "2024.03.19"]
[Round "11"]
[White "toninhojit"]
[Black "enriquebutti"]
[Result "1-0"]
[WhiteElo "2487"]
[BlackElo "2210"]
[TimeControl "180+1"]
[EndTime "10:04:31 PDT"]
[Termination "toninhojit won by resignation"]

1. d4 Nf6 2. c4 e6 3. Nf3 b6 4. g3 Ba6 5. b3 Bb4+ 6. Bd2 Be7 7. Bg2 c6 8. O-O d5 9. Ne5 Nfd7 10. Nxd7 Nxd7 11.
Qc2 Rc8 12. Bf4 O-O 13. Nd2 b5 14. c5 f5 15. b4 g5 16. Be5 Nxe5 17. dxe5 Bb7 18.
f4 gxf4 19. gxf4 Kh8 20. Kh1 a5 21. a3 Rg8 22. Nb3 a4 23. Nd4 Qd7 24. Bf3 Rg7 25. Rg1 Rcg8 26. e3 Bh4 27. Qe2 Qe7 28. Bh5 Qd7 29. Rxg7 Rxg7 30. Rg1 Rxg1+ 31. Kxg1 Qg7+ 32.
Qg2 Qh6 33. Bf3 Be7 34. Be2 Bf8 35. Bf1 Bg7 36. Qh3 Qg6+ 37. Kh1 Qg4 38. Qxg4 fxg4 39. Be2 h5 40. h3 gxh3 41. Bxh5 1-0